TOP OF THE 1ST |
Syracuse Chiefs batting - Pitching for Albuquerque Isotopes : LHP Jorge Segarra
|
Pitching: LHP Jorge Segarra
|
|
Batting: RHB Ke-yue Hong
|
0-0: Called Strike 0-1: Ball 1-1: Ball 2-1: Foul Ball, location: 2F 2-2: Foul Ball, location: 2F 2-2: Ball 3-2: Foul Ball, location: 2F 3-2: Base on Balls
|
Batting: RHB Donovan Auclair
|
0-0: SINGLE (Groundball, 56, EV 103.1 MPH) Ke-yue Hong to second
|
Batting: LHB Sidney Pedder
|
0-0: Ball Ke-yue Hong steals 3rd base Donovan Auclair to second 1-0: Called Strike 1-1: Ball 2-1: Swinging Strike 2-2: Ground out U3 (Groundball, 23, EV 88.1 MPH)
|
Batting: SHB Alex Ethridge
|
0-0: TRIPLE (Flyball, 78XD, EV 108.8 MPH) Ke-yue Hong scores Donovan Auclair scores
|
Batting: LHB Dillon Gonzalez
|
0-0: Ball 1-0: Swinging Strike 1-1: Called Strike 1-2: Ball 2-2: Ball 3-2: Fly out, F7 (Flyball, 7S, EV 90.6 MPH)
|
Batting: RHB Niek de Haan
|
0-0: Foul Ball, location: 2F 0-1: Ball 1-1: Foul Ball, location: 2F 1-2: Ball Wild Pitch! Alex Ethridge scores 2-2: Fly out, F3 (Line Drive, 3, EV 70.0 MPH)
|
Top of the 1st over - 3 runs, 2 hits, 0 errors, 0 left on base; Syracuse 3 - Albuquerque 0 |
BOTTOM OF THE 1ST |
Albuquerque Isotopes batting - Pitching for Syracuse Chiefs : RHP Justin Ashton
|
Pitching: RHP Justin Ashton
|
|
Batting: LHB Tony Morales
|
0-0: Ball 1-0: Foul Ball, location: 2F 1-1: Foul Ball, location: 2F 1-2: Foul Ball, location: 2F 1-2: Ground out 2-3 (Groundball, 2L, EV 60.0 MPH)
|
Batting: LHB Tetsuya Oba
|
0-0: Called Strike 0-1: Ball 1-1: Ball 2-1: Swinging Strike 2-2: Ball 3-2: Foul Ball, location: 2F 3-2: Foul Ball, location: 2F 3-2: Base on Balls
|
Batting: LHB Katsunan Akimoto
|
0-0: Called Strike 0-1: Called Strike 0-2: Ball 1-2: Ball 2-2: Ball Tetsuya Oba steals 2nd base 3-2: Foul Ball, location: 2F 3-2: Foul Ball, location: 2F 3-2: Foul Ball, location: 2F 3-2: Foul Ball, location: 2F 3-2: Base on Balls
|
Batting: RHB Ron Johansen
|
0-0: Called Strike 0-1: Foul Ball, location: 2F 0-2: SINGLE (Groundball, 6MD, EV 94.4 MPH) Tetsuya Oba to third Katsunan Akimoto to second Runner from 3rd tries for Home, SAFE, throw by CF to home
|
Batting: LHB Enrique Andrade
|
0-0: Called Strike 0-1: Ball 1-1: Ground out 6-3 (Groundball, 6MS, EV 86.9 MPH) Katsunan Akimoto to third Ron Johansen to second
|
Batting: SHB Bradley Barrowcliff
|
0-0: Fly out, F2 (Popup, 25F, EV 80.0 MPH)
|
Bottom of the 1st over - 1 run, 1 hit, 0 errors, 2 left on base; Syracuse 3 - Albuquerque 1 |
TOP OF THE 2ND |
Syracuse Chiefs batting - Pitching for Albuquerque Isotopes : LHP Jorge Segarra
|
Now at 2B: Bobby Heagle
|
|
Batting: RHB Ryan Short
|
0-0: Foul Ball, location: 2F 0-1: Ball 1-1: Swinging Strike 1-2: Fly out, F3 (Popup, 3, EV 80.0 MPH)
|
Batting: LHB Dana McDonald
|
0-0: Swinging Strike 0-1: Foul Ball, location: 2F 0-2: Ball 1-2: Ball 2-2: Ball 3-2: Foul Ball, location: 2F 3-2: Ground out U3 (Groundball, 3, EV 95.6 MPH)
|
Batting: RHB Brennan Cameron
|
0-0: Foul Ball, location: 2F 0-1: Foul Ball, location: 2F 0-2: SINGLE (Groundball, 56D, EV 100.6 MPH)
|
Batting: RHB Ke-yue Hong
|
0-0: Swinging Strike 0-1: Ball 1-1: Ball 2-1: Swinging Strike 2-2: Foul Ball, location: 2F 2-2: Strikes out swinging
|
Top of the 2nd over - 0 runs, 1 hit, 0 errors, 1 left on base; Syracuse 3 - Albuquerque 1 |
BOTTOM OF THE 2ND |
Albuquerque Isotopes batting - Pitching for Syracuse Chiefs : RHP Justin Ashton
|
Batting: RHB Ben Alspach
|
0-0: Ball 1-0: Swinging Strike 1-1: Foul Ball, location: 2F 1-2: Strikes out swinging
|
Batting: RHB Nate Carrell
|
0-0: SINGLE (Groundball, 6MD, EV 102.5 MPH)
|
Batting: RHB Josh Baker
|
0-0: Ball 1-0: Ball 2-0: Ball 3-0: Called Strike 3-1: Base on Balls Nate Carrell to second
|
Batting: LHB Tony Morales
|
0-0: Ball 1-0: Foul Ball, location: 2F 1-1: Foul Ball, location: 2F 1-2: Ball 2-2: Ball 3-2: Base on Balls Nate Carrell to third Josh Baker to second
|
Batting: RHB Bobby Heagle
|
0-0: Ball 1-0: Ball 2-0: Ball 3-0: Called Strike 3-1: Base on Balls Nate Carrell scores Josh Baker to third Tony Morales to second
|
Batting: LHB Katsunan Akimoto
|
0-0: Called Strike 0-1: DOUBLE (Line Drive, 78XD, EV 105.0 MPH) Josh Baker scores Tony Morales scores Bobby Heagle to third Runner from 3rd tries for Home, SAFE, no throw by CF
|
Batting: RHB Ron Johansen
|
0-0: Ball 1-0: Ball 2-0: Called Strike 2-1: Called Strike 2-2: Reached on error, E6 (Groundball, 6, EV 80.6 MPH) Katsunan Akimoto scores
|
Pitching: RHP Jesus Ruiz
|
|
Batting: LHB Enrique Andrade
|
0-0: Called Strike Ron Johansen steals 3rd base 0-1: Ball 1-1: Ball 2-1: Ball 3-1: Base on Balls
|
Batting: SHB Bradley Barrowcliff
|
0-0: Ball 1-0: Ball 2-0: Ball Wild Pitch! Ron Johansen scores Enrique Andrade to second 3-0: Base on Balls
|
Batting: RHB Ben Alspach
|
0-0: Called Strike 0-1: Foul Ball, location: 2F 0-2: SINGLE (Groundball, 56D, EV 95.6 MPH) Enrique Andrade to third Bradley Barrowcliff to second Runner from 3rd tries for Home, SAFE, throw by LF to home
|
Batting: RHB Nate Carrell
|
0-0: Ball 1-0: Ball 2-0: Ball 3-0: Called Strike 3-1: Base on Balls Bradley Barrowcliff to third Ben Alspach to second
|
Batting: RHB Josh Baker
|
0-0: Ground out 4-3 (Groundball, 4S, EV 72.5 MPH) Bradley Barrowcliff scores Ben Alspach to third Nate Carrell to second
|
Batting: LHB Tony Morales
|
0-0: Called Strike 0-1: Ball 1-1: Ball 2-1: Ball 3-1: Base on Balls
|
Batting: RHB Bobby Heagle
|
0-0: DOUBLE (Flyball, 89D, EV 95.0 MPH) Ben Alspach scores Nate Carrell scores Tony Morales to third Runner from 3rd tries for Home, SAFE, throw by RF to trailing runner, SAFE at third!
|
Pitching: RHP Tony Estrada
|
|
Batting: LHB Katsunan Akimoto
|
0-0: Ball 1-0: 2-RUN HOME RUN (Flyball, 9D, EV 101.9 MPH), Distance : 400 ft
|
Batting: RHB Ron Johansen
|
0-0: Ball 1-0: Called Strike 1-1: Fly out, F3 (Popup, 23F, EV 85.0 MPH)
|
Bottom of the 2nd over - 13 runs, 5 hits, 1 error, 0 left on base; Syracuse 3 - Albuquerque 14 |
TOP OF THE 3RD |
Syracuse Chiefs batting - Pitching for Albuquerque Isotopes : LHP Jorge Segarra
|
Batting: RHB Donovan Auclair
|
0-0: Ball 1-0: Foul Ball, location: 2F 1-1: Called Strike 1-2: Ball 2-2: Foul Ball, location: 2F 2-2: Strikes out swinging
|
Batting: LHB Sidney Pedder
|
0-0: Ball 1-0: Ball 2-0: Ball 3-0: Called Strike 3-1: Foul Ball, location: 2F 3-2: Base on Balls
|
Batting: SHB Alex Ethridge
|
0-0: Ball Sidney Pedder steals 2nd base 1-0: Ball 2-0: Called Strike 2-1: Ball 3-1: Base on Balls
|
Batting: LHB Dillon Gonzalez
|
0-0: Ball 1-0: Ball 2-0: Foul Ball, location: 2F 2-1: Ball 3-1: Fly out, F6 (Popup, 15, EV 73.8 MPH)
|
Batting: RHB Niek de Haan
|
0-0: Ball 1-0: Ball Wild Pitch! Sidney Pedder to third Alex Ethridge to second 2-0: SINGLE (Line Drive, 6, EV 96.9 MPH) Sidney Pedder scores Alex Ethridge to third Runner from 3rd tries for Home, SAFE, throw by CF to home
|
Batting: RHB Ryan Short
|
0-0: Ball 1-0: Called Strike 1-1: SINGLE (Groundball, 13S, EV 70.0 MPH) (infield hit) Niek de Haan to second
|
Batting: LHB Dana McDonald
|
0-0: Swinging Strike 0-1: Ball 1-1: SINGLE (Groundball, 34D, EV 109.4 MPH) Niek de Haan to third Ryan Short to second Runner from 3rd tries for Home, SAFE, throw by RF to home
|
Pitching: RHP Brendan Reeves
|
|
Batting: RHB Brennan Cameron
|
0-0: Ball 1-0: Foul Ball, location: 2F 1-1: Fielders Choice at 2nd, 5-4 (Groundball, 56, EV 85.0 MPH)
|
Top of the 3rd over - 3 runs, 3 hits, 0 errors, 2 left on base; Syracuse 6 - Albuquerque 14 |
BOTTOM OF THE 3RD |
Albuquerque Isotopes batting - Pitching for Syracuse Chiefs : RHP Tony Estrada
|
Batting: LHB Enrique Andrade
|
0-0: Called Strike 0-1: Swinging Strike 0-2: Ball 1-2: Ball 2-2: Strikes out swinging
|
Batting: SHB Bradley Barrowcliff
|
0-0: Ball 1-0: Ball 2-0: Called Strike 2-1: Fly out, F4 (Popup, 34D, EV 57.5 MPH)
|
Batting: RHB Ben Alspach
|
0-0: Ball 1-0: Foul Ball, location: 2F 1-1: Foul Ball, location: 2F 1-2: Ball 2-2: Strikes out looking
|
Bottom of the 3rd over - 0 runs, 0 hits, 0 errors, 0 left on base; Syracuse 6 - Albuquerque 14 |
TOP OF THE 4TH |
Syracuse Chiefs batting - Pitching for Albuquerque Isotopes : RHP Brendan Reeves
|
Batting: RHB Ke-yue Hong
|
0-0: Ball 1-0: Called Strike 1-1: Ball 2-1: Called Strike 2-2: Ground out 4-3 (Groundball, 34D, EV 86.9 MPH)
|
Batting: RHB Donovan Auclair
|
0-0: Ball 1-0: Called Strike 1-1: Ground out 6-3 (Groundball, P, EV 85.0 MPH)
|
Batting: LHB Sidney Pedder
|
0-0: Ball 1-0: Ball 2-0: Called Strike 2-1: Ball 3-1: Called Strike 3-2: Fly out, F9 (Line Drive, 9, EV 97.5 MPH)
|
Top of the 4th over - 0 runs, 0 hits, 0 errors, 0 left on base; Syracuse 6 - Albuquerque 14 |
BOTTOM OF THE 4TH |
Albuquerque Isotopes batting - Pitching for Syracuse Chiefs : RHP Tony Estrada
|
Batting: RHB Nate Carrell
|
0-0: Ground out 6-3 (Groundball, 6, EV 104.4 MPH)
|
Batting: RHB Josh Baker
|
0-0: Ball 1-0: Called Strike 1-1: Ball 2-1: Called Strike 2-2: Ball 3-2: Fly out, F9 (Line Drive, 9, EV 102.5 MPH)
|
Batting: LHB Tony Morales
|
0-0: Called Strike 0-1: Foul Ball, location: 2F 0-2: Ball 1-2: Ball 2-2: Ball 3-2: Fly out, F7 (Flyball, 78S, EV 85.6 MPH)
|
Bottom of the 4th over - 0 runs, 0 hits, 0 errors, 0 left on base; Syracuse 6 - Albuquerque 14 |
TOP OF THE 5TH |
Syracuse Chiefs batting - Pitching for Albuquerque Isotopes : RHP Brendan Reeves
|
Batting: SHB Alex Ethridge
|
0-0: Called Strike 0-1: Swinging Strike 0-2: Ball 1-2: Ball 2-2: SINGLE (Groundball, 34, EV 94.4 MPH)
|
Batting: LHB Dillon Gonzalez
|
0-0: Ball 1-0: Called Strike Alex Ethridge steals 2nd base 1-1: Ball 2-1: Foul Ball, location: 2F 2-2: Ball 3-2: Ground out 6-3 (Groundball, 6, EV 101.3 MPH)
|
Batting: RHB Niek de Haan
|
0-0: Foul Ball, location: 2F 0-1: Foul Ball, location: 2F 0-2: Ball 1-2: Ground out 6-3 (Groundball, 6, EV 101.3 MPH)
|
Batting: RHB Ryan Short
|
0-0: Ball 1-0: Foul Ball, location: 2F 1-1: Ball 2-1: Ball 3-1: Swinging Strike 3-2: Foul Ball, location: 2F 3-2: Base on Balls
|
Batting: LHB Dana McDonald
|
0-0: Called Strike 0-1: Hit by Pitch Alex Ethridge to third Ryan Short to second
|
Pinch Runner at 1st Ben Welt:
|
|
Batting: RHB Brennan Cameron
|
0-0: Ball 1-0: Swinging Strike 1-1: Swinging Strike 1-2: Ball 2-2: SINGLE (Groundball, 4MD, EV 102.5 MPH) Alex Ethridge scores Ryan Short to third Ben Welt to second Runner from 3rd tries for Home, SAFE, throw by CF to home
|
Batting: RHB Ke-yue Hong
|
0-0: Foul Ball, location: 2F 0-1: Ball Wild Pitch! Ben Welt to third Brennan Cameron to second 1-1: Ball 2-1: Ball 3-1: Swinging Strike 3-2: Strikes out looking
|
Top of the 5th over - 2 runs, 2 hits, 0 errors, 2 left on base; Syracuse 8 - Albuquerque 14 |
BOTTOM OF THE 5TH |
Albuquerque Isotopes batting - Pitching for Syracuse Chiefs : RHP Tony Estrada
|
Now at 1B: Ben Welt
|
|
Batting: RHB Bobby Heagle
|
0-0: Ball 1-0: Foul Ball, location: 2F 1-1: Called Strike 1-2: Strikes out looking
|
Batting: LHB Katsunan Akimoto
|
0-0: Ball 1-0: Called Strike 1-1: Fly out, F7 (Flyball, 7D, EV 92.5 MPH)
|
Batting: RHB Ron Johansen
|
0-0: Ground out 6-3 (Groundball, 6M, EV 84.4 MPH)
|
Bottom of the 5th over - 0 runs, 0 hits, 0 errors, 0 left on base; Syracuse 8 - Albuquerque 14 |
TOP OF THE 6TH |
Syracuse Chiefs batting - Pitching for Albuquerque Isotopes : RHP Brendan Reeves
|
Pitching: RHP Jason Hamlyn
|
|
Batting: RHB Donovan Auclair
|
0-0: Called Strike 0-1: Called Strike 0-2: Strikes out swinging
|
Batting: LHB Sidney Pedder
|
0-0: Called Strike 0-1: Ball 1-1: Foul Ball, location: 2F 1-2: Foul Ball, location: 2F 1-2: Ball 2-2: Fly out, F8 (Flyball, 8RD, EV 100.6 MPH)
|
Batting: SHB Alex Ethridge
|
0-0: Foul Ball, location: 2F 0-1: Ball 1-1: Ground out 1-3 (Groundball, 15S, EV 68.8 MPH)
|
Top of the 6th over - 0 runs, 0 hits, 0 errors, 0 left on base; Syracuse 8 - Albuquerque 14 |
BOTTOM OF THE 6TH |
Albuquerque Isotopes batting - Pitching for Syracuse Chiefs : RHP Tony Estrada
|
Batting: LHB Enrique Andrade
|
0-0: Fly out, F8 (Flyball, 8LXD, EV 85.6 MPH)
|
Batting: SHB Bradley Barrowcliff
|
0-0: Ball 1-0: Ball 2-0: Ball 3-0: Called Strike 3-1: Foul Ball, location: 2F 3-2: Ground out 4-3 (Groundball, 4MD, EV 88.1 MPH)
|
Batting: RHB Ben Alspach
|
0-0: SOLO HOME RUN (Flyball, 9D, EV 101.3 MPH), Distance : 405 ft
|
Batting: RHB Nate Carrell
|
0-0: Ball 1-0: Fly out, F9 (Flyball, 9LS, EV 86.9 MPH)
|
Bottom of the 6th over - 1 run, 1 hit, 0 errors, 0 left on base; Syracuse 8 - Albuquerque 15 |
TOP OF THE 7TH |
Syracuse Chiefs batting - Pitching for Albuquerque Isotopes : RHP Jason Hamlyn
|
Batting: LHB Dillon Gonzalez
|
0-0: Ball 1-0: Ball 2-0: Foul Ball, location: 2F 2-1: Ball 3-1: Base on Balls
|
Batting: RHB Niek de Haan
|
0-0: Called Strike 0-1: 2-RUN HOME RUN (Flyball, 78XD, EV 100.6 MPH), Distance : 400 ft
|
Batting: RHB Ryan Short
|
0-0: SINGLE (Flyball, 8RS, EV 86.9 MPH)
|
Batting: RHB Ben Welt
|
0-0: Fly out, F9 (Flyball, 89D, EV 91.9 MPH)
|
Batting: RHB Brennan Cameron
|
0-0: Ball 1-0: SINGLE (Groundball, 56, EV 97.5 MPH) Ryan Short to second
|
Batting: RHB Ke-yue Hong
|
0-0: Ground out 5-3 (Groundball, 5L, EV 93.8 MPH) Ryan Short to third Brennan Cameron to second
|
Batting: RHB Donovan Auclair
|
0-0: Swinging Strike 0-1: Foul Ball, location: 2F 0-2: Ball 1-2: Ball 2-2: Strikes out looking
|
Top of the 7th over - 2 runs, 3 hits, 0 errors, 2 left on base; Syracuse 10 - Albuquerque 15 |
BOTTOM OF THE 7TH |
Albuquerque Isotopes batting - Pitching for Syracuse Chiefs : RHP Tony Estrada
|
Pitching: LHP James Knapp
|
|
Batting: RHB Josh Baker
|
0-0: Called Strike 0-1: Called Strike 0-2: Ball 1-2: Strikes out looking
|
Batting: LHB Tony Morales
|
0-0: Ball 1-0: Ground out 4-3 (Groundball, 4, EV 86.3 MPH)
|
Batting: RHB Bobby Heagle
|
0-0: Ball 1-0: Foul Ball, location: 2F 1-1: SINGLE (Groundball, 5S, EV 61.9 MPH) (infield hit)
|
Batting: LHB Katsunan Akimoto
|
0-0: Ball 1-0: Ball 2-0: Ball 3-0: Called Strike 3-1: Ground out 4-3 (Groundball, 4, EV 105.0 MPH)
|
Bottom of the 7th over - 0 runs, 1 hit, 0 errors, 1 left on base; Syracuse 10 - Albuquerque 15 |
TOP OF THE 8TH |
Syracuse Chiefs batting - Pitching for Albuquerque Isotopes : RHP Jason Hamlyn
|
Batting: LHB Sidney Pedder
|
0-0: Ball 1-0: Called Strike 1-1: Ball 2-1: Foul Ball, location: 2F 2-2: Ball 3-2: Foul Ball, location: 2F 3-2: Foul Ball, location: 2F 3-2: Base on Balls
|
Pitching: LHP Dario Rios
|
|
Batting: SHB Alex Ethridge
|
0-0: Fielders Choice at 2nd, 1-6 (Groundball, 34S, EV 74.4 MPH)
|
Batting: LHB Dillon Gonzalez
|
0-0: Called Strike 0-1: Ball 1-1: SINGLE (Line Drive, 6D, EV 108.8 MPH) Alex Ethridge to second
|
Batting: RHB Niek de Haan
|
0-0: Called Strike 0-1: Foul Ball, location: 2F 0-2: Grounds into double play, 5-4-3 (Groundball, 56, EV 86.3 MPH)
|
Top of the 8th over - 0 runs, 1 hit, 0 errors, 1 left on base; Syracuse 10 - Albuquerque 15 |
BOTTOM OF THE 8TH |
Albuquerque Isotopes batting - Pitching for Syracuse Chiefs : LHP James Knapp
|
Batting: RHB Ron Johansen
|
0-0: Ground out 5-3 (Groundball, 56, EV 80.6 MPH)
|
Batting: LHB Enrique Andrade
|
0-0: Called Strike 0-1: Ball 1-1: Foul Ball, location: 2F 1-2: Strikes out swinging
|
Batting: SHB Bradley Barrowcliff
|
0-0: Foul Ball, location: 2F 0-1: Called Strike 0-2: Ball 1-2: Ball 2-2: Ball 3-2: Base on Balls
|
Batting: RHB Ben Alspach
|
0-0: Called Strike 0-1: Ball 1-1: Foul Ball, location: 2F 1-2: Fly out, F9 (Flyball, 9S, EV 84.4 MPH)
|
Bottom of the 8th over - 0 runs, 0 hits, 0 errors, 1 left on base; Syracuse 10 - Albuquerque 15 |
TOP OF THE 9TH |
Syracuse Chiefs batting - Pitching for Albuquerque Isotopes : LHP Dario Rios
|
Batting: RHB Ryan Short
|
0-0: Ball 1-0: Called Strike 1-1: Foul Ball, location: 2F 1-2: Ball 2-2: Ball 3-2: Strikes out swinging passed ball, reaches first!
|
Batting: RHB Ben Welt
|
0-0: Foul Ball, location: 2F 0-1: Ball 1-1: Foul Ball, location: 2F 1-2: Ball 2-2: Grounds into double play, 4-6-3 (Groundball, 4, EV 103.1 MPH)
|
Batting: RHB Brennan Cameron
|
0-0: Ball 1-0: Ball 2-0: Ball 3-0: Called Strike 3-1: Base on Balls
|
Batting: RHB Ke-yue Hong
|
0-0: Foul Ball, location: 2F 0-1: Ball 1-1: Foul Ball, location: 2F 1-2: Strikes out looking
|
Top of the 9th over - 0 runs, 0 hits, 0 errors, 1 left on base; Syracuse 10 - Albuquerque 15 |
|